 Dungeon Crawl Stone Soup version 0.25-a0-707-g603da076d2 (webtiles) character file.

Game seed: 4638054396675497772, levelgen mode: deterministic

879 Flugslaktarn the Chopper (level 7, -1/62 HPs)
             Began as a Minotaur Fighter on Apr 4, 2020.
             Succumbed to an orc warrior zombie's poison
             ... on level 5 of the Dungeon.
             The game lasted 00:01:26 (3188 turns).

Flugslaktarn the Chopper (Minotaur Fighter)         Turns: 3188, Time: 00:01:27

Health: -1/62      AC:  7    Str: 23    XL:     7   Next: 75%
Magic:  6/6        EV:  8    Int:  5    God:
Gold:   187        SH: 10    Dex:  9    Spells: 6/6 levels left

rFire    + . .     SeeInvis .   a - +0 war axe
rCold    + + .     Gourm    .   c - +0 kite shield
rNeg     . . .     Faith    .   b - +0 scale mail
rPois    +         Spirit   .   (helmet restricted)
rElec    +         Reflect  .   (no cloak)
rCorr    +         Harm     .   (no gloves)
MR       .....     Rnd*Tele +   (no boots)
Stlth    ..........             (no amulet)
HPRegen  0.20/turn              (no ring)
MPRegen  0.10/turn              (no ring)

@: lethally poisoned (-1 -> -30), resistant, stab
A: retaliatory headbutt, horns 2, blurry vision 1, cold resistance 1, mutation
resistance 1, teleportitis 1
a: no special abilities


You were on level 5 of the Dungeon.
You were very hungry.

You visited 1 branch of the dungeon, and saw 5 of its levels.

You collected 187 gold pieces.

Inventory:

Hand Weapons
 a - a +0 war axe (weapon)
Armour
 b - a +0 scale mail (worn)
 c - a +0 kite shield (worn)
Wands
 r - a wand of enslavement (9)
   (You found it on level 5 of the Dungeon)
Scrolls
 f - 2 scrolls of immolation {unknown}
 g - 2 scrolls of fog {unknown}
 h - 2 scrolls of enchant armour {unknown}
 i - 2 scrolls of remove curse {unknown}
 j - a scroll of teleportation {unknown}
 k - 2 scrolls of amnesia {unknown}
 m - 7 scrolls of identify {unknown}
 o - a scroll of blinking {unknown}
 s - a scroll of enchant weapon {unknown}
Potions
 d - a potion of might
 p - a potion of mutation
 w - a potion of heal wounds
Comestibles
 e - 7 rations


   Skills:
 + Level 5.9 Fighting
 * Level 7.1 Axes
 + Level 6.0 Armour
 + Level 5.9 Shields


You had 6 spell levels left.
You didn't know any spells.
Your spell library was empty.

Dungeon Overview and Level Annotations

Branches:
Dungeon (5/15)
 Temple: D:4-7

Altars:
Hepliaklqana
Xom
Yredelemnul

Shops:
D:4 :

Annotations:
D:5 1 transporter


Innate Abilities, Weirdness & Mutations

You reflexively headbutt those who attack you in melee.
You have a pair of horns on your head.
Scrolls take you a little longer to read.
Your flesh is cold resistant. (rC+)
You are somewhat resistant to further mutation.
You are occasionally teleported next to monsters.


Message History

* * * LOW HITPOINT WARNING * * *
You feel very sick.
The orc warrior zombie hits you but does no damage.
The gnoll sergeant zombie barely misses you.
Press: ? - help, v - describe, . - travel, g - get item
Here: an orc warrior zombie, wielding a +1 short sword of venom (poison gas, heavily damaged)
A +1 long sword of venom.
An open gate.
Unknown command.
You slash the orc warrior zombie!
Your headbutt misses the orc warrior zombie.
The orc warrior zombie is severely damaged.
* * * LOW HITPOINT WARNING * * *
You feel very sick.
The orc warrior zombie completely misses you.
You block the gnoll sergeant zombie's attack.
You barely miss the orc warrior zombie.
Your headbutt misses the orc warrior zombie.
The orc warrior zombie is severely damaged.
You die...

...
............©................
.#.
##.#################.########
).. #.. #°○°(©[°°☼# #.## ...
... #○○°$$$°°○###..##### #
... #°○○...○°°#....#...##.
### #°°☼○☼°°°○#........... ##
.☼○Z○○° #..........# .#
###°Z☼####......>...# .# #.#
#○○.@.°°#...........# .# ..
#○°#.#○°#..........## ## #.#
#☼☼...○°##>..#....## # #..
#☼○#©#○°######....# # #.##
#°○°°☼°°####.).##..# ## #..##
#°○°○°○○#.#..### #...
.#######..###########...####
##.
...........##.#.©..##......#
.
#########.....#.......####.#


You could see a gnoll sergeant zombie and an orc warrior zombie.

Vanquished Creatures
  An ice beast (D:5)
  A sky beast (D:5)
  3 phantoms
  2 ogres (D:5)
  An orc wizard (D:4)
  An orc priest (D:4)
  3 worker ants
  An ogre zombie (D:5)
  3 adders
  An orc zombie (D:5)
  A shadow imp (D:5)
  2 dart slugs
  5 leopard geckos
  9 orcs
  3 bats (D:1)
  3 giant cockroaches
  13 goblins
  A hobgoblin (D:1)
  4 jackals (D:1)
  A kobold (D:3)
  4 quokkas (D:4)
  3 frilled lizards
  2 jackal skeletons (D:4)
  7 rats
75 creatures vanquished.

Notes
Turn   | Place    | Note
-------+----------+-------------------------------------------
     0 | D:1      | Flugslaktarn the Minotaur Fighter began the quest for the
                  | Orb.
     0 | D:1      | Reached XP level 1. HP: 19/19 MP: 0/0
    60 | D:1      | Reached XP level 2. HP: 24/27 MP: 1/1
    77 | D:1      | Reached skill level 3 in Axes
   244 | D:2      | Reached XP level 3. HP: 26/33 MP: 2/2
   414 | D:2      | Found a hazy altar of Hepliaklqana.
   804 | D:3      | Reached XP level 4. HP: 22/40 MP: 3/3
  1095 | D:4      | Found Muulorep's Book Boutique.
  1096 | D:4      | Found a shimmering altar of Xom.
  1096 | D:4      | Noticed a phantom
  1144 | D:4      | Found a shimmering altar of Xom.
  1177 | D:4      | Killed a phantom
  1177 | D:4      | Reached skill level 4 in Axes
  1177 | D:4      | Reached XP level 5. HP: 23/47 MP: 4/4
  1372 | D:4      | Noticed a phantom
  1394 | D:4      | Killed a phantom
  1394 | D:4      | Reached skill level 5 in Axes
  1583 | D:4      | Reached XP level 6. HP: 46/55 MP: 5/5
  1681 | D:4      | Reached skill level 5 in Fighting
  1681 | D:4      | Reached skill level 5 in Armour
  1681 | D:4      | Reached skill level 5 in Shields
  2253 | D:4      | Found a basalt altar of Yredelemnul.
  2367 | D:5      | Entered Level 5 of the Dungeon
  2367 | D:5      | Found a transporter.
  2554 | D:5      | Reached skill level 6 in Axes
  2554 | D:5      | Reached XP level 7. HP: 42/61 MP: 6/6
  2720 | D:5      | Found a transporter.
  2974 | D:5      | Reached skill level 7 in Axes
  3186 | D:5      | Gained mutation: You are occasionally teleported next to
                  | monsters. [potion of mutation]
  3186 | D:5      | Gained mutation: Scrolls take you a little longer to read.
                  | [potion of mutation]
  3186 | D:5      | Gained mutation: Your flesh is cold resistant. (rC+)
                  | [potion of mutation]
  3186 | D:5      | Gained mutation: You are somewhat resistant to further
                  | mutation. [potion of mutation]
  3187 | D:5      | HP: 2/62 [poisoned by an orc warrior zombie]
  3188 | D:5      | Succumbed to an orc warrior zombie's poison

Levels and vault maps discovered:
D:1:      shiori_arrival_oz, layout_basic, serial_corexii_hall,
          corexii_hall_statues_l, chequers_hall_statues_y, minmay_cupped
D:2:      layout_loops_ring, nicolae_overflow_hidden_temple,
          lemuel_crystal_altar, minmay_splitting_lines
D:3:      layout_loops_corners, nicolae_overflow_crystal_walls,
          marbit_many_paths
D:4:      layout_loops_ring, kennysheep_little_box,
          lemuel_coloured_pillars_altar, serial_shops, nicolae_shop_waterfront,
          xom_teletrap_fun
D:5:      gammafunk_cloud_chamber, layout_rooms, first_ration,
          hangedman_decor_peaks_small, minmay_parallelograms,
          hangedman_decor_slide_cut, minmay_ogre_servants

Skill      XL: |  1  2  3  4  5  6  7 |
---------------+----------------------+-----
Axes           | 3 4 5 6 7 |  7.1
Fighting       | 4 5 |  5.9
Shields        | 4 5 |  5.9
Armour         | 4 5 6 |  6.0

Action                   |  1- 3 |  4- 6 |  7- 9 || total
-------------------------+-------+-------+-------++-------
Melee: War axe           |    89 |   104 |    50 ||   243
       Headbutt          |     8 |    19 |    12 ||    39
  Use: Potion            |       |       |     4 ||     4
  Eat: Chunk             |       |     2 |     1 ||     3
       Ration            |       |     1 |       ||     1
Armor: Scale mail        |    40 |    30 |    17 ||    87
Dodge: Dodged            |    29 |    25 |    14 ||    68
Block: Kite shield       |    44 |    52 |    30 ||   126

Table legend:
 A = Non-vault XP
 B = Vault XP
 C = Vault XP percentage of total XP
 D = Non-vault monster count
 E = Vault monster count
 F = Vault count percentage of total count
                 A         B        C        D         E       F
            +---------+---------+-------+---------+---------+-------
      Total |    1081 |     176 |  14.0 |      60 |      15 |  20.0
            +---------+---------+-------+---------+---------+-------
        D:1 |      32 |       5 |  13.5 |      17 |       4 |  19.0
        D:2 |      17 |       0 |   0.0 |       3 |       0 |   0.0
        D:3 |      53 |       0 |   0.0 |      13 |       0 |   0.0
        D:4 |     394 |       0 |   0.0 |      19 |       0 |   0.0
        D:5 |     585 |     171 |  22.6 |       8 |      11 |  57.9
            +---------+---------+-------+---------+---------+-------
